 Dungeon Crawl Stone Soup version 0.15.0-14-g6bbbb5c (console) character file.

53 gw the Insei (level 3, 0/29 HPs)
             Began as a Demonspawn Monk on Sept 3, 2014.
             Shot with a stone by a goblin (4 damage)
             ... on Level 3 of the Dungeon.
             The game lasted 00:01:30 (2811 turns).

gw the Insei (Demonspawn Monk)                      Turns: 2811, Time: 00:01:30

HP   0/29        AC 10     Str 10 (11) XL: 3   Next: 64%
MP   3/3         EV  4     Int 11      God:
Gold 0           SH  0     Dex 16      Spells:  0 memorised,  2 levels left

rFire  . . .     SeeInvis .       - Unarmed
rCold  . . .     Clarity  .     i - +0 chain mail
rNeg   . . .     rCorr    .     (no shield)
rPois  .         rRot     .     (no helmet)
rElec  .         Spirit   .     h - +0 cloak
SustAb .         Warding  .     (no gloves)
rMut   .         Stasis   .     (no boots)
Gourm  .                        (no amulet)
MR     +....                    (no ring)
                                b - ring of protection from magic

@: drained, somewhat resistant to hostile enchantments, extremely unstealthy
A: icy blue scales 1, powered by pain 1
a: no special abilities


You were on level 3 of the Dungeon.
You were hungry.

You visited 1 branch of the dungeon, and saw 3 of its levels.

Inventory:

Missiles
 k - 5 javelins (quivered)
 m - 2 stones
Armour
 h - a +0 cloak (worn)
 i - a +0 chain mail (worn)
Magical devices
 d - a wand of frost (6)
Comestibles
 f - a slice of pizza
 g - a bread ration
Scrolls
 a - 2 scrolls of amnesia
 c - 2 scrolls of identify
 e - a scroll of fog {unknown}
 l - a scroll of enchant weapon {unknown}
Jewellery
 b - a ring of protection from magic (left hand)
Potions
 j - a potion of poison {unknown}
 n - a potion of lignification {unknown}


   Skills:
 + Level 3.4(3.2) Fighting
 + Level 1.0(0.9) Throwing
 + Level 1.1(0.9) Armour
 - Level 2.6(2.5) Dodging
 - Level 1.7(1.5) Stealth
 * Level 4.1(3.9) Unarmed Combat


You had 2 spell levels left.
You didn't know any spells.

Dungeon Overview and Level Annotations

Branches:
Dungeon (3/15)

Altars:


Innate Abilities, Weirdness & Mutations

You are partially covered in icy blue scales (AC +1).
You sometimes gain a little power by taking damage.


Message History

The iguana bites you but does no damage.
The goblin shoots a stone.
The stone hits you but does no damage. The iguana barely misses you.
The goblin shoots a stone.
The stone hits you but does no damage.
FLEEEEING!
ATTACKING (0,-1)
You hit the iguana.
The iguana is heavily wounded.
The iguana bites you.
The goblin shoots a stone.
The stone barely misses you.
FLEEEEING!
ATTACKING (0,-1)
Your chain mail prevents you from hitting the iguana.
The iguana is heavily wounded.
The iguana barely misses you.
The goblin shoots a stone.
The stone hits you.
FLEEEEING!
ATTACKING (0,-1)
You hit the iguana.
The iguana is almost dead.
The iguana bites you.
The goblin shoots a stone.
The stone hits you.
You die...

.................#
...###....)....#.#
#<.......#.##.##(#
%#.#####.#.##(##(###
#..# #$#.##...(..#
.........#.#####.#.#
...........# #.#.#
##.######### #l#.#
#.. #6#.### #g.#
#####.#...# ##..
#...>.g...# #.#
###.###.##..#
#.)[....##..#
#.#.######.<# #.#
#..# #.# #.%# #.#
#..#


You could see an iguana and a goblin.

Table legend:
 A = Turns spent in this place as a percentage of turns spent in the entire game.
 B = Non-inter-level travel turns spent in this place as a percentage of non-inter-level travel turns spent in the entire game.
 C = Inter-level travel turns spent in this place as a percentage of turns spent in this place.
 D = Turns resting spent in this place as a percentage of non-inter-level travel turns spent in this place.
 E = Turns spent auto-exploring this place as a percentage of non-inter-level travel turns spent in this place.
 F = Non-inter-level travel turns spent in this place divided by the number of levels of this place that you've seen.
                   A       B       C       D       E      F
               +-------+-------+-------+-------+-------+----------------------
         Total | 100.0 | 100.0 |   0.9 |  11.8 |  11.5 | 260.3
       Dungeon | 100.0 | 100.0 |   0.9 |  11.8 |  11.5 | 260.3
               +-------+-------+-------+-------+-------+----------------------

Table legend:
 A = Kills in this place as a percentage of kills in entire the game.
 B = Kills by you in this place as a percentage of kills by you in the entire game.
 C = Kills by friends in this place as a percentage of kills by friends in the entire game.
 D = Other kills in this place as a percentage of other kills in the entire game.
 E = Experience gained in this place as a percentage of experience gained in the entire game.
 F = Experience gained in this place divided by the number of levels of this place that you have seen.
                   A       B       C       D       E      F
               +-------+-------+-------+-------+-------+----------------------
         Total | 100.0 | 100.0 |  -nan |  -nan | 100.0 |  25.7
       Dungeon | 100.0 | 100.0 |  -nan |  -nan | 100.0 |  25.7
               +-------+-------+-------+-------+-------+----------------------

Vanquished Creatures
  A worm (D:1)
  2 giant geckos
  An orc (D:3)
  8 bats
  3 goblins
  8 hobgoblins
  6 kobolds
  4 giant newts
  4 jackals (D:3)
  2 quokkas (D:3)
  5 rats
44 creatures vanquished.

Notes
Turn   | Place    | Note
--------------------------------------------------------------
     0 | D:1      | gw, the Demonspawn Monk, began the quest for the Orb.
     0 | D:1      | Reached XP level 1. HP: 18/18 MP: 1/1
   266 | D:1      | Gained mutation: You are partially covered in icy blue scales (AC +1). [demonic ancestry]
   266 | D:1      | Reached XP level 2. HP: 20/24 MP: 2/2
  1267 | D:2      | Reached skill level 4 in Unarmed Combat
  1685 | D:1      | Gained mutation: You sometimes gain a little power by taking damage. [demonic ancestry]
  1685 | D:1      | Reached XP level 3. HP: 12/29 MP: 3/3
  2420 | D:3      | Reached skill level 1 in Armour
  2471 | D:3      | Reached skill level 1 in Throwing
  2811 | D:3      | Shot with a stone by a goblin

Action                   || total
-------------------------++-------
Melee: Unarmed           ||   193
Throw: Javelin           ||    20
Evoke: Wand              ||     1
  Use: Scroll            ||     3
       Potion            ||     3
 Stab: Sleeping          ||     1
       Distracted        ||     1
  Eat: Bread ration      ||     1
       Chunk             ||     1

Vault maps used:
D:1:      roderic_dead_forest
D:2:      lemuel_crystal_altar, first_bread, tgw_xom
